 Seeded DCSS version 0.29-a0-111-gbaf749a769 (webtiles) character file.

Game seed: 20220217 (custom seed)

268 cyrus the Chopper (level 6, -10/32 HPs)
             Began as a Vine Stalker Fighter on Feb 17, 2022.
             Mangled by an ogre (19 damage)
             ... on level 4 of the Dungeon.
             The game lasted 00:08:52 (3228 turns).

cyrus the Chopper (Vine Stalker Fighter)            Turns: 3228, Time: 00:08:53

Health: -10/32     AC: 10    Str: 19    XL:     6   Next: 21%
Magic:  0/7        EV:  7    Int: 10    God:
Gold:   184        SH:  4    Dex: 13    Spells: 5/5 levels left

rFire   . . .      SeeInvis +   a - +0 war axe
rCold   . . .      Faith    .   c - +0 buckler
rNeg    . . .      Spirit   +   n - +0 chain mail
rPois   .          Reflect  .   (no helmet)
rElec   .          Harm     .   (no cloak)
rCorr   .          Rampage  .   z - +0 pair of gloves
Will    +....                   (no boots)
Stlth   ..........              (no amulet)
HPRegen 0.90/turn               h - ring of willpower
MPRegen 0.10/turn               A - ring of see invisible

@: no status effects
A: fangs 2, regeneration 1, magic shield, antimagic bite, no potion heal 2
a: no special abilities


You were on level 4 of the Dungeon.
You visited 1 branch of the dungeon, and saw 4 of its levels.

You collected 184 gold pieces.

Inventory:

Hand Weapons
 a - a +0 war axe (weapon)
Armour
 b - a +0 scale mail
 c - a +0 buckler (worn)
 n - a +0 chain mail (worn)
 z - a +0 pair of gloves (worn)
Jewellery
 h - a ring of willpower (left hand)
 o - a ring of positive energy
 r - the ring "Xorocs" {rCorr Str-4 Dex+8}
   (You found it on level 2 of the Dungeon)

   [ring of resist corrosion]

   Str:       It affects your strength (-4).
   Dex:       It affects your dexterity (+8).
   rCorr:     It protects you from acid and corrosion.
 A - a ring of see invisible (right hand)
Scrolls
 e - a scroll of enchant weapon {unknown}
 f - 4 scrolls of blinking {unknown}
 j - a scroll of enchant armour {unknown}
 k - 2 scrolls of brand weapon {unknown}
 m - a scroll of amnesia {unknown}
 p - a scroll of acquirement {unknown}
 s - 2 scrolls of identify {unknown}
 v - a scroll of fear {unknown}
 y - a scroll of silence {unknown}
 B - a scroll of teleportation {unknown}
Potions
 d - a potion of might
 g - a potion of lignification {unknown}
 i - a potion of brilliance {unknown}
 l - 2 potions of heal wounds {unknown}
 q - 2 potions of berserk rage {unknown}
 t - a potion of degeneration {unknown}
 u - a potion of flight {unknown}
 w - 3 potions of mutation {unknown}
 x - a potion of resistance {unknown}


   Skills:
 + Level 3.5 Fighting
 + Level 4.4 Axes
 + Level 2.9 Armour
 + Level 0.9 Dodging
 + Level 0.4 Stealth
 + Level 3.1 Shields


You had 5 spell levels left.
You didn't know any spells.
Your spell library contained the following spells:

 Spells                   Type           Power      Damage    Failure   Level
 Stone Arrow              Conj/Erth      0%         3d7       100%        3
 Animate Armour           Summ/Erth      0%         N/A       100%        4
 Lehudib's Crystal Spear  Conj/Erth      0%         10d2      100%        8


Dungeon Overview and Level Annotations

Branches:
Dungeon (4/15)
 Temple: D:4-7

Altars:

Shops:
D:4 (


Innate Abilities, Weirdness & Mutations

You have extremely sharp teeth.
Your natural rate of healing is unusually fast.
When hurt, damage is shared between your health and your magic reserves.
Your bite disrupts and absorbs the magic of your enemies.
Potions cannot restore your health.


Message History

You block the endoplasm's attack.
You barely miss the endoplasm.
The endoplasm hits you but does no damage.
The endoplasm freezes you.
You are frozen.
You hit the endoplasm.
You kill the endoplasm!
Found a pair of gloves.
Found a dagger.
The ogre shouts!
You block the ogre's attack.
You barely miss the ogre. You bite the ogre. You drain its power.
The ogre is lightly wounded.
The ogre barely misses you.
You hit the ogre. You bite the ogre. You drain its power.
The ogre is moderately wounded.
The ogre barely misses you.
You barely miss the ogre.
The ogre is moderately wounded.
The ogre completely misses you.
You barely miss the ogre. You bite the ogre. You drain its power.
The ogre is moderately wounded.
The ogre hits you with a +0 giant spiked club!
You block the ogre's attack.
You barely miss the ogre. You bite the ogre. You drain its power.
You feel invigorated.
The ogre is heavily wounded.
You block the ogre's attack.
You slash the ogre!
The ogre is severely wounded.
The ogre hits you with a +0 giant spiked club!
The ogre hits you with a +0 giant spiked club!!
You completely miss the ogre. You bite the ogre, but do no damage.
The ogre is severely wounded.
The ogre barely misses you.
The ogre hits you with a +0 giant spiked club!
* * * LOW HITPOINT WARNING * * *
The ogre hits you with a +0 giant spiked club!!
Ouch! That really hurt!
You die...

.#.#.#######.......(#######
.#......# #...............
†.......+ +..........#
.###....# #..........# .#
###### #.........## .#
#####.........# .#
..............# .#
........O.....# .#
..........@.[..# .#
..............)...
..............####
.......###+#### ......
##.... +... #..


You could see an ogre.

Vanquished Creatures
  A black bear (D:4)
  A hound (D:4)
  7 adders
  An adder skeleton (D:4)
  4 dart slugs
  5 orcs (D:3)
  7 ball pythons
  6 bats
  7 endoplasms
  8 giant cockroaches
  7 goblins
  6 hobgoblins
  3 kobolds
  2 quokkas
  2 frilled lizards
  4 rats
71 creatures vanquished.

Notes
Turn   | Place    | Note
-------+----------+-------------------------------------------
     0 | D:1      | cyrus the Vine Stalker Fighter began the quest for the Orb.
     0 | D:1      | Reached XP level 1. HP: 11/11 MP: 2/2
   124 | D:1      | Reached XP level 2. HP: 14/16 MP: 3/3
   169 | D:1      | Reached skill level 2 in Axes
   396 | D:1      | Reached XP level 3. HP: 20/20 MP: 4/4
  1317 | D:2      | Identified the ring "Xorocs" {rCorr Str-4 Dex+8}
  1970 | D:3      | Gained mutation: Your natural rate of healing is unusually
                  | fast. [Vine Stalker growth]
  1970 | D:3      | Reached XP level 4. HP: 24/24 MP: 5/5
  2105 | D:3      | Reached skill level 3 in Axes
  2907 | D:4      | Reached XP level 5. HP: 28/28 MP: 4/6
  2989 | D:4      | Found Zitufip's Weapon Shoppe.
  3135 | D:4      | Reached skill level 4 in Axes
  3163 | D:4      | Noticed a black bear
  3170 | D:4      | Noticed an ogre
  3176 | D:4      | Killed a black bear
  3177 | D:4      | Reached XP level 6. HP: 29/32 MP: 7/7
  3228 | D:4      | Mangled by an ogre

Illustrated notes

Levels and vault maps discovered:
D:1:      heliophobic_arrival_ceremonial_halls, layout_loops_cross,
          serial_glass, glass_columns_a, glass_columns_c
D:2:      layout_loops_ring, minmay_misc_feat_secret_circle, nrook_uturn
D:3:      layout_basic
D:4:      layout_basic, kennysheep_small_square, uniq_sigmund

Skill      XL: |  1  2  3  4  5 |
---------------+----------------+-----
Axes           | 2 3 4 |  4.4
Fighting       | 3 |  3.5
Shields        | 3 |  3.1
Armour         | |  2.9
Dodging        | |  0.9
Stealth        | |  0.4

Action                   |  1- 3 |  4- 6 || total
-------------------------+-------+-------++-------
Melee: War axe           |    87 |    92 ||   179
       Bite              |    13 |    25 ||    38
Armor: Scale mail        |    21 |       ||    21
       Chain mail        |    23 |    68 ||    91
Dodge: Dodged            |    43 |    40 ||    83
Block: Buckler           |    25 |    25 ||    50

Table legend: (Time is in decaauts)
 A = Elapsed time spent in this place.
 B = Non-inter-level travel time spent in this place.
 C = Inter-level travel time spent in this place.
 D = Time resting spent in this place.
 E = Time spent auto-exploring this place.
 F = Levels seen in this place.
 G = Mean time per level.
                   A        B        C        D        E       F      G
               +--------+--------+--------+--------+--------+-----+--------+
         Total |   3296 |   3111 |    185 |    106 |   2251 |   4 |  824.0 |
       Dungeon |   3296 |   3111 |    185 |    106 |   2251 |   4 |  824.0 |
               +--------+--------+--------+--------+--------+-----+--------+

Top non-repeatable levels by time:
     D:3: 1057 daAuts
     D:1: 955 daAuts
     D:2: 915 daAuts
     D:4: 368 daAuts
